 Dungeon Crawl Stone Soup version 0.15.2 (webtiles) character file.

207 DrPain the Cutter (level 5, -6/25 HPs)
             Began as a Spriggan Assassin on Jan 19, 2015.
             Mangled by a phantom (8 damage)
             ... on Level 4 of the Dungeon.
             The game lasted 00:08:14 (5500 turns).

DrPain the Cutter (Spriggan Assassin)               Turns: 5500, Time: 00:08:14

HP  -6/25        AC  3     Str  7      XL: 5   Next: 54%
MP  10/10        EV 17     Int 12      God:
Gold 179         SH  0     Dex 19      Spells:  0 memorised,  4 levels left

rFire  . . .     SeeInvis +     w - +2 dagger
rCold  . . .     Clarity  .     c - +0 robe
rNeg   . . .     rCorr    .     (shield restricted)
rPois  .         rRot     .     (helmet restricted)
rElec  .         Spirit   .     d - +0 cloak
SustAb .         Warding  .     (gloves unavailable)
rMut   +         Stasis   .     (boots unavailable)
Gourm  .                        h - amulet of resist mutation
MR     .....                    (no ring)
                                k - ring of wizardry

@: very slightly contaminated, hasted, very quick, not resistant to hostile
enchantments, stealthy
A: unfitting armour, see invisible, herbivore 3, speed 3, slow metabolism 2
a: no special abilities


You were on level 4 of the Dungeon.
You were not hungry.

You visited 1 branch of the dungeon, and saw 4 of its levels.

You collected 179 gold pieces.

Inventory:

Hand weapons
 f - a +0 blowgun
 w - a +2 dagger (weapon)
Missiles
 b - 2 curare-tipped needles
 e - 3 poisoned needles
Armour
 c - a +0 robe (worn)
 d - a +0 cloak (worn)
Magical devices
 o - a wand of slowing (14)
Comestibles
 m - 3 bread rations
Scrolls
 a - a scroll of random uselessness {unknown}
 i - 3 scrolls of identify {unknown}
 j - 2 scrolls of fear {unknown}
 l - a scroll of recharging {unknown}
 n - a scroll of amnesia {unknown}
 s - 2 scrolls of remove curse {unknown}
 t - a scroll of noise {unknown}
 u - 2 scrolls of enchant weapon {unknown}
Jewellery
 h - an amulet of resist mutation (around neck)
 k - a ring of wizardry (left hand)
 q - an uncursed amulet of clarity
Potions
 g - a potion of porridge
Magical staves
 r - an uncursed staff of power


   Skills:
 - Level 1.5 Fighting
 + Level 6.4 Short Blades
 - Level 2.1 Throwing
 - Level 1.5 Dodging
 - Level 5.8 Stealth


You had 4 spell levels left.
You didn't know any spells.

Dungeon Overview and Level Annotations

Branches:
Dungeon (4/15)
 Temple: D:4-7

Altars:


Innate Abilities, Weirdness & Mutations

You are tiny and cannot use many weapons and most armour.
You have supernaturally acute eyesight.
You are a herbivore.
You cover ground extremely quickly.
You need consume almost no food.


Message History

The phantom hits you.
* * * LOW HITPOINT WARNING * * *
You miss the phantom.
The phantom is severely damaged.
You closely miss the phantom.
The phantom is severely damaged.
The phantom completely misses you.
You hit the phantom.
The phantom is almost destroyed.
You hit the phantom.
The phantom is almost destroyed.
You hit the phantom but do no damage.
The phantom is almost destroyed.
The phantom hits you but does no damage.
You hit the phantom but do no damage.
The phantom is almost destroyed.
You barely miss the phantom.
The phantom is almost destroyed.
The phantom hits you!
You die...

#..# ##..##
#######..############....#
#...<.......)g....(.%(...#####
#.##..##.###########..........
.....#.......#######)....####
.......(...(.((((()....)...)..
......#...)..(########..#.....
...<.........####..<...###...
.....#.....W@.....####.###...
.............................
.....#.......#########.###...
#.###.......# #(# #... #
......#### #.# #... ..##...#
#.###### ... #.#.# #)##.... .
#. .# #>##.... .. .Z #.......


You could see a phantom.

Vanquished Creatures
  A worker ant (D:4)
  4 gnolls (D:4)
  3 adders
  5 worms
  5 giant geckos
  3 orcs (D:3)
  3 ball pythons
  13 bats
  4 giant cockroaches
  3 goblins
  A hobgoblin (D:3)
  14 jackals
  10 kobolds
  A quokka (D:3)
  A giant newt (D:3)
  A quokka skeleton (D:4)
  7 rats
79 creatures vanquished.

Notes
Turn   | Place    | Note
--------------------------------------------------------------
     0 | D:1      | DrPain, the Spriggan Assassin, began the quest for the Orb.
     0 | D:1      | Reached XP level 1. HP: 10/10 MP: 2/2
   346 | D:1      | Reached XP level 2. HP: 14/14 MP: 4/4
  1599 | D:3      | Reached XP level 3. HP: 18/18 MP: 6/6
  2876 | D:3      | Reached XP level 4. HP: 22/22 MP: 8/8
  2918 | D:3      | Reached skill level 5 in Short Blades
  4214 | D:4      | Noticed a phantom
  4260 | D:4      | Reached XP level 5. HP: 10/25 MP: 10/10
  4289 | D:4      | Reached skill level 6 in Short Blades
  5500 | D:4      | Mangled by a phantom

Action                   |  1- 3 |  4- 6 || total
-------------------------+-------+-------++-------
Melee: Dagger            |   186 |   163 ||   349
       Staff             |       |     1 ||     1
 Fire: Blowgun           |     4 |    23 ||    27
Evoke: Wand              |     1 |       ||     1
  Use: Potion            |     3 |     1 ||     4
 Stab: Sleeping          |     3 |     7 ||    10
       Distracted        |       |     4 ||     4
  Eat: Bread ration      |       |     1 ||     1
